cohdb
Replays
Latest Replays
All Replays
Popular Replays
Top Player Replays
Match Explorer
How It Works
Community
CoH3 Stats
Reddit
Sign in to upload your games and track your stats! →
Sign in with Steam
Match 42447669
Unlisted
Match 42447669
Overview
Messages
Build Orders
End
Construct Weapon Support Center
Selects Advanced Infantry Battlegroup
Engineer Squad
M1919 Machine Gun Team
Engineer Squad
Construct Barracks
Bazooka Squad
Selects Convert to Ranger Squad
M1 Mortar Team
Riflemen Squad
Air Support Center
Selects Frontline Medical Station
Frontline Medical Station
P-47 Strafing Run
Grasshopper Recon Run
M3 Armored Personnel Carrier
P-47 Strafing Run
P-47 Dive Bomb
Grasshopper Recon Run
Construct Tank Depot
Convert to Ranger Squad
Grasshopper Recon Run
P-47 Strafing Run
M4(105) Sherman Bulldozer
Selects Ammunition Storage
Selects M2A1 105mm Howitzer Emplacement
Grasshopper Recon Run
P-47 Dive Bomb
P-47 Strafing Run
Selects Infantry Assault
Infantry Assault
玉米
Skeletor
Exf
Gravey
bilibili鲵食不食油猫饼
EpikSkillz
kingkendji99
Kickass
0
0
Comments
sign in to comment!
No comments posted yet!